 Dungeon Crawl Stone Soup version 0.27-a0-1525-g1038ab4fd7 (webtiles) character file.

Game seed: 5369804051827689852

28 ClownBaby the Slasher (level 2, 0/25 HPs)
             Began as a Palentonga Fighter on July 11, 2021.
             Slain by an adder (1 damage)
             ... on level 1 of the Dungeon.
             The game lasted 00:03:29 (1645 turns).

ClownBaby the Slasher (Palentonga Fighter)          Turns: 1645, Time: 00:03:29

Health: 0/25       AC:  6    Str: 19    XL:     2   Next: 96%
Magic:  2/2        EV:  5    Int:  8    God:
Gold:   11         SH:  8    Dex:  9    Spells: 1/1 levels left

rFire    . . .     SeeInvis +   a - +0 long sword
rCold    . . .     Faith    .   c - +0 kite shield
rNeg     . . .     Spirit   .   b - +0 scale mail
rPois    .         Reflect  .   (no helmet)
rElec    .         Harm     .   (no cloak)
rCorr    .         Rampage  .   (no gloves)
Will     .....                  (no barding)
Stlth    ..........             (no amulet)
HPRegen  0.08/turn              (no ring)
MPRegen  0.08/turn              (no ring)

@: mighty, hasted, very quick
A: large, rugged brown scales 3, see invisible, deformed body, roll 1, armoured
tail
a: Rolling Charge


You were on level 1 of the Dungeon.
You visited 1 branch of the dungeon, and saw 2 of its levels.

You collected 11 gold pieces.

Inventory:

Hand Weapons
 a - a +0 long sword (weapon)
Armour
 b - a +0 scale mail (worn)
 c - a +0 kite shield (worn)
Jewellery
 j - a ring of protection from fire
Scrolls
 e - a scroll of enchant weapon {unknown}
 f - a scroll of noise {unknown}
 h - a scroll of vulnerability {unknown}
 i - a scroll of identify {unknown}


   Skills:
 - Level 3.0 Fighting
 * Level 3.5 Long Blades
 - Level 2.4 Armour
 - Level 2.4 Shields


You had one spell level left.
You didn't know any spells.
Your spell library was empty.

Dungeon Overview and Level Annotations

Branches:
Dungeon (2/15)

Altars:


Innate Abilities, Weirdness & Mutations

You are completely covered in rugged brown scales. (AC +3, +7% HP)
You have supernaturally acute eyesight. (SInv)
Armour fits poorly on your strangely shaped body.
You can roll at nearby foes to attack.
You have a long armoured tail.


Message History

You feel sick. You block the adder's attack.
You closely miss the adder.
The adder is lightly wounded.
You feel sick. You block the adder's attack.
The adder bites you but does no damage.
Your scale mail prevents you from hitting the adder.
The adder is lightly wounded.
You feel sick.
You are no longer poisoned.
You block the adder's attack. The adder bites you.
* * * LOW HITPOINT WARNING * * *
You are poisoned.
The adder poisons you!
You barely miss the adder.
Your tail-slap misses the adder.
The adder is lightly wounded.
* * * LOW HITPOINT WARNING * * *
You feel sick. You block the adder's attack.
The adder bites you but does no damage.
You hit the adder.
Your tail-slap misses the adder.
The adder is heavily wounded.
* * * LOW HITPOINT WARNING * * *
You feel sick.
The adder bites you but does no damage. x2
It was a potion of haste.
You feel yourself speed up.
* * * LOW HITPOINT WARNING * * *
You feel sick. The adder completely misses you.
Unknown command.
You miss the adder.
The adder is heavily wounded.
* * * LOW HITPOINT WARNING * * *
You feel sick.
You are no longer poisoned.
The adder barely misses you. The adder bites you but does no damage.
You miss the adder.
Your tail-slap misses the adder.
The adder is heavily wounded.
The adder bites you but does no damage.
Unknown command.
You miss the adder.
The adder is heavily wounded.
The adder bites you.
You die...

########## #........#
######.######.# #.........(##.#
########### #.####.###.##.##
#.......... #.# #.# #.....####
#.......... ##.####.###.....@S.#
#..#.#####. ......#.........##.#
#..#.#...#.
##.##.#####.##..##.####..#.#.#.#.
##.##.# #.##)..........#.#.#.#.
#..##.# #.##.###.####..#...#.#.
#.###.# #.##+###.# #..#####.#.
#.###.# #........# #........#.
(.....# ##.....### #..#####.#.
#.##.## ##.......## #..#..†#.#.


You could see an adder.

Vanquished Creatures
  3 dart slugs (D:1)
  A ball python (D:1)
  6 endoplasms (D:1)
  A quokka (D:1)
  A bat (D:1)
  3 frilled lizards (D:1)
  2 goblins (D:1)
  3 kobolds (D:1)
  A rat (D:1)
21 creatures vanquished.

Notes
Turn   | Place    | Note
-------+----------+-------------------------------------------
     0 | D:1      | ClownBaby the Palentonga Fighter began the quest for the
                  | Orb.
     0 | D:1      | Reached XP level 1. HP: 19/19 MP: 1/1
   352 | D:1      | Reached XP level 2. HP: 23/25 MP: 2/2
  1643 | D:1      | HP: 1/25 [poisoned by an adder]
  1645 | D:1      | Slain by an adder

Illustrated notes

Levels and vault maps discovered:
D:1:      minmay_arrival_semitransparent, layout_loops_corners,
          roderic_lattice_a
D:2:      layout_rooms

Skill      XL: |  1  2 |
---------------+-------+-----
Long Blades    | 3 |  3.5
Fighting       | |  3.0
Armour         | |  2.4
Shields        | |  2.4

Action                   || total
-------------------------++-------
Melee: Long sword        ||    71
       Tailslap          ||     2
 Abil: Rolling Charge    ||    17
  Use: Potion            ||     2
Armor: Scale mail        ||    35
Dodge: Dodged            ||    12
Block: Kite shield       ||    27
       Rpst.: Long sword ||     3

Table legend: (Time is in decaauts)
 A = Elapsed time spent in this place.
 B = Non-inter-level travel time spent in this place.
 C = Inter-level travel time spent in this place.
 D = Time resting spent in this place.
 E = Time spent auto-exploring this place.
 F = Levels seen in this place.
 G = Mean time per level.
                   A        B        C        D        E       F      G
               +--------+--------+--------+--------+--------+-----+--------+
         Total |   1676 |   1676 |      0 |    603 |    853 |   2 |  838.0 |
       Dungeon |   1676 |   1676 |      0 |    603 |    853 |   2 |  838.0 |
               +--------+--------+--------+--------+--------+-----+--------+

Top non-repeatable levels by time:
     D:1: 1667 daAuts
     D:2: 9 daAuts
